Map: Neon Violet Square LE

Players

TinoNoir - Winner!

  • Race: Protoss Protoss
  • League: Gold
  • Spawn Location: 5:00

iPlayDefense

  • Race: Terran Terran
  • League: Bronze
  • Spawn Location: 11:00

VOD

Have the link to the VOD?

Description

Time

  • Played on: April 12, 2025, 1:20 p.m.
  • Length: 28:37
Show
View Real Time Build Order
Export as new Build Order

TinoNoir Protoss - Winner!

Build Orders:  

Get SALT Encoding   

  12  0:01  Probe  
  13  0:17  Probe  
  14  0:25  Probe, Pylon  
  14  0:29  Assimilator  
  15  0:39  Probe  
  15  0:47  Gateway  
  16  0:53  Probe  
  17  1:12  Gateway  
  17  1:13  Probe  
  18  1:21  Probe, Pylon  
  19  1:29  Assimilator, Probe  
  20  1:40  Probe  
  21  2:11  Cybernetics Core  
  21  2:19  Pylon  
  21  2:21  Probe  
  22  2:33  Gateway, Probe  
  22  2:34  Gateway  
  23  2:47  Nexus  
  23  2:48  Adept  
  23  2:50  Adept  
  27  3:00  Pylon  
  27  3:04  Warp Gate  
  27  3:17  Stalker, Stargate  
  29  3:27  Stalker  
  31  3:46  Robotics Facility  
  31  3:57  Pylon  
  31  4:00  Probe x2  
  33  4:12  Probe x2  
  31  4:22  Adept  
  31  4:23  Adept x2  
  37  4:24  Probe  
  37  4:27  Adept  
  40  4:39  Twilight Council  
  40  4:42  Observer  
  41  4:48  Oracle  
  44  5:11  Robotics Bay, Probe x2  
  44  5:19  Probe x2  
  46  5:21  Assimilator  
  46  5:27  Assimilator  
  48  5:28  Probe x2  
  50  5:40  Probe  
  50  5:41  Probe  
  52  5:53  Probe x2  
  54  6:06  Colossus  
  54  6:11  Extended Thermal Lance  
  60  6:18  Adept  
  60  6:19  Adept  
  64  6:36  Resonating Glaives  
  64  6:41  Zealot x3  
  70  6:53  Pylon  
  70  6:55  Pylon  
  70  6:59  Pylon  
  70  7:00  Probe  
  70  7:02  Probe  
  66  7:08  Pylon  
  66  7:20  Immortal  
  66  7:21  Stalker x4  
  82  7:32  Void Ray  
  82  7:47  Adept  
  82  7:48  Adept x2  
  88  7:56  Colossus  
  91  8:06  Robotics Facility  
  91  8:09  Robotics Facility  
  91  8:17  Pylon  
  91  8:19  Pylon  
  91  8:24  Forge  
  91  8:28  Observer  
  91  8:29  Forge  
  91  8:36  Forge  
  91  8:50  Observer  
  92  9:12  Adept x2  
  92  9:13  Adept x2  
  100  9:20  Colossus  
  100  9:21  Phoenix  
  100  9:22  Colossus  
  114  9:43  Phoenix  
  114  9:48  Protoss Ground Weapons Level 1  
  114  9:49  Protoss Ground Armor Level 1  
  116  9:57  Protoss Shields Level 1  
  116  10:30  Observer  
  116  10:31  Nexus  
  117  10:54  Pylon  
  117  10:56  Pylon  
  117  10:58  Pylon  
  117  11:03  Pylon  
  117  11:08  Pylon  
  117  11:11  Phoenix, Colossus  
  125  11:35  Observer  
  125  11:36  Observer, Phoenix  
  129  11:40  Protoss Ground Weapons Level 2  
  129  11:42  Stalker, Protoss Ground Armor Level 2  
  129  11:43  Stalker x2  
  135  11:53  Immortal  
  139  12:02  Probe x2  
  141  12:12  Probe  
  141  12:13  Probe  
  142  12:20  Probe x2  
  142  12:21  Probe  
  143  12:28  Probe x2  
  146  12:30  Probe  
  149  12:39  Probe  
  149  12:40  Probe  
  149  12:42  Probe  
  152  12:52  Stalker x2  
  152  12:53  Stalker x2, Probe  
  161  13:03  Gateway  
  161  13:04  Gateway  
  161  13:07  Probe x2  
  161  13:08  Probe  
  161  13:12  Assimilator  
  164  13:14  Assimilator  
  164  13:22  Probe  
  165  13:49  Nexus  
  165  13:50  Protoss Shields Level 2  
  165  13:51  Pylon  
  165  13:56  Gateway  
  165  13:57  Stalker x3, Gateway  
  165  13:58  Stalker, Protoss Ground Weapons Level 3  
  165  14:00  Protoss Ground Armor Level 3  
  173  14:11  Gravitic Boosters  
  173  14:17  Colossus  
  179  14:25  Adept  
  181  15:01  Probe x3  
  181  15:06  Pylon  
  184  15:07  Pylon  
  184  15:09  Pylon  
  184  15:11  Pylon  
  184  15:12  Pylon  
  184  15:13  Probe x3  
  187  15:16  Gateway x2  
  187  15:19  Gateway  
  187  15:25  Probe x3  
  187  15:26  Probe  
  191  15:35  Assimilator  
  191  15:37  Probe x3  
  191  15:39  Templar Archives, Probe  
  191  15:42  Templar Archives  
  195  15:47  Stalker x2  
  195  15:49  Probe  
  200  16:01  Probe  
  159  16:07  Stalker x3  
  159  16:08  Stalker x3  
  159  16:10  Stalker  
  123  16:17  Stalker x3  
  123  16:18  Stalker  
  101  16:27  Immortal x3  
  86  16:38  Stalker  
  86  16:39  Stalker x2  
  104  16:40  Stalker  
  104  16:41  Stalker x2  
  104  16:42  Stalker  
  98  17:03  Stalker x2  
  98  17:04  Stalker  
  98  17:05  Stalker x2  
  98  17:08  Stalker x2  
  88  17:51  Immortal x3  
  96  17:59  Probe x3  
  99  18:08  Pylon  
  99  18:09  Pylon  
  99  18:10  Pylon  
  99  18:11  Probe  
  100  18:19  Robotics Facility  
  100  18:21  Protoss Shields Level 3  
  100  18:31  Assimilator  
  100  18:32  Psionic Storm  
  100  18:36  High Templar x3  
  106  19:04  Nexus  
  106  19:07  Pylon x2  
  106  19:24  Nexus  
  106  19:25  Pylon  
  106  19:28  Pylon  
  106  19:35  Stalker  
  106  19:36  Stalker x2  
  112  20:06  Assimilator  
  112  20:10  Assimilator  
  112  20:40  Gateway, Pylon  
  112  20:41  Gateway  
  112  20:46  Immortal x2  
  112  20:48  Immortal x2  
  132  20:57  Void Ray  
  132  21:07  Stalker  
  132  21:08  Stalker x2  
  132  21:09  Stalker x2  
  132  21:10  Stalker  
  144  21:12  Stalker  
  146  21:28  Gateway  
  146  21:30  Gateway  
  146  21:33  Gateway x2  
  146  21:36  Gateway  
  146  21:39  Stalker  
  152  21:40  Stalker, Void Ray  
  152  21:41  Stalker  
  156  21:49  Pylon x2  
  156  21:55  Dark Shrine  
  156  22:01  Pylon  
  156  22:13  Colossus, Immortal x2  
  170  22:27  Adept x2  
  170  22:28  Adept x2  
  170  22:29  Adept x2  
  182  22:36  Probe x2  
  184  22:52  Colossus  
  184  22:54  Colossus  
  200  23:04  Void Ray  
  190  23:10  Adept x3  
  190  23:11  Adept x2  
  116  23:20  Adept  
  116  23:21  Adept x2  
  116  23:22  Adept  
  79  23:42  Dark Templar  
  79  23:43  Dark Templar x3  
  74  23:55  Dark Templar  
  74  23:59  Zealot x2  
  80  24:13  Dark Templar  
  76  24:55  Dark Templar x2  
  76  24:57  Dark Templar  
  76  24:59  Zealot x4  
  90  25:24  Dark Templar  
  90  25:27  Zealot x2  
  90  25:28  Zealot x3  
  100  25:40  Dark Templar  
  84  25:53  Dark Templar  
  82  26:13  Stalker  
  82  26:14  Stalker x2  
  82  26:17  Zealot x3  
  88  26:43  Zealot x4  
  88  26:44  Zealot  
  98  27:07  Zealot x2  
  98  27:08  Zealot  
  104  27:29  Dark Templar  
  104  27:30  Dark Templar  
  103  28:10  Stalker  
  103  28:11  Stalker  
  103  28:12  Stalker  
  109  28:34  Zealot  
  109  28:35  Zealot x2  
Show
View Real Time Build Order
Export as new Build Order

iPlayDefense Terran 

Build Orders:  

Get SALT Encoding   

  12  0:00  SCV  
  13  0:13  SCV  
  14  0:25  SCV  
  15  0:32  Supply Depot  
  15  0:37  Refinery  
  15  0:53  SCV  
  16  0:58  Barracks  
  16  1:05  SCV  
  17  1:17  SCV  
  18  1:29  SCV  
  19  1:42  SCV  
  19  1:45  Barracks Reactor  
  20  1:55  Orbital Command  
  20  1:57  Factory  
  20  2:24  SCV  
  21  2:31  Command Center  
  21  2:35  Supply Depot  
  21  2:36  SCV  
  22  2:38  Refinery  
  22  2:43  Starport, Factory Tech Lab  
  22  2:46  Marine  
  23  2:56  SCV, Marine  
  25  3:04  Supply Depot  
  25  3:08  SCV  
  26  3:19  Siege Tank  
  29  3:20  SCV  
  29  3:26  Marine  
  31  3:27  Marine  
  31  3:30  Supply Depot  
  31  3:32  Starport Reactor  
  32  3:44  Marine  
  32  3:45  Marine  
  32  3:46  SCV x2  
  36  3:55  Supply Depot  
  36  3:58  SCV  
  36  3:59  SCV  
  36  4:02  Marine  
  39  4:16  Liberator  
  42  4:27  Marine  
  42  4:28  Marine  
  42  4:30  SCV x2  
  46  4:40  Supply Depot  
  46  4:42  SCV x2  
  46  4:45  Marine x2  
  49  4:49  Supply Depot  
  49  4:52  Barracks  
  50  4:54  SCV  
  50  4:58  Barracks  
  51  5:03  Marine x2  
  53  5:09  SCV  
  54  5:18  Supply Depot  
  54  5:20  Marine  
  54  5:21  SCV, Marine  
  56  5:25  Engineering Bay  
  57  5:48  Starport Reactor  
  57  5:50  Factory Tech Lab  
  57  5:57  Command Center  
  57  6:11  Marine  
  57  6:12  Marine x4  
  57  6:17  Combat Shield  
  62  6:21  SCV  
  62  6:22  SCV  
  64  6:29  Terran Infantry Weapons Level 1, Marine x3  
  64  6:30  Marine x2  
  69  6:35  Supply Depot  
  69  6:44  Supply Depot, Siege Tank  
  72  6:47  Marine x5  
  77  7:05  Marine x2  
  77  7:07  Medivac x2  
  80  7:14  SCV x2  
  82  7:24  Supply Depot  
  82  7:26  SCV x2  
  82  7:29  Marine x2  
  85  7:32  Missile Turret  
  85  7:38  SCV x2  
  82  7:50  SCV  
  82  7:51  SCV  
  81  8:02  SCV  
  81  8:03  SCV  
  83  8:06  Siege Tank  
  83  8:11  Armory  
  86  8:14  SCV  
  86  8:18  Medivac  
  89  8:20  Missile Turret  
  89  8:26  SCV  
  90  8:29  Refinery  
  90  8:31  Refinery  
  90  8:32  SCV  
  91  8:38  Siege Tank  
  91  8:41  Supply Depot  
  94  8:44  SCV  
  95  8:52  Viking x2  
  99  8:56  SCV  
  100  9:07  Missile Turret  
  100  9:08  SCV  
  101  9:10  Missile Turret  
  101  9:11  Siege Tank  
  101  9:13  Supply Depot  
  104  9:19  Supply Depot  
  104  9:20  SCV  
  105  9:27  SCV  
  106  9:32  Marine  
  106  9:33  Marine x4  
  111  9:40  SCV  
  111  9:42  Terran Infantry Weapons Level 2  
  111  9:43  Supply Depot, Siege Tank  
  111  9:44  Stimpack  
  115  9:50  Marine  
  115  9:51  Marine x4  
  120  9:52  Supply Depot  
  120  9:53  Missile Turret  
  120  10:08  Marine x2  
  122  10:15  Siege Tank  
  125  10:22  Marine x3  
  125  10:26  Marine x2  
  130  10:29  Supply Depot  
  130  10:32  Supply Depot  
  130  10:37  SCV  
  130  10:39  Marine  
  130  10:40  Marine x2  
  134  10:43  Marine  
  134  10:44  Marine  
  134  10:49  SCV  
  137  10:50  Thor  
  137  10:54  Terran Vehicle Weapons Level 1  
  143  10:57  Marine  
  143  10:58  Marine x2  
  143  11:00  Supply Depot  
  143  11:01  SCV, Marine  
  143  11:02  Marine  
  149  11:09  Planetary Fortress  
  149  11:15  Marine x2  
  149  11:16  Marine  
  152  11:40  Thor  
  152  11:45  Viking x2  
  162  11:52  Orbital Command  
  162  11:58  Terran Infantry Armor Level 1  
  162  12:11  Missile Turret  
  162  12:16  Missile Turret  
  162  12:21  Missile Turret  
  162  12:23  Thor  
  162  12:25  Missile Turret  
  168  12:42  Missile Turret  
  168  12:44  Missile Turret  
  168  12:46  Missile Turret  
  168  12:48  Terran Vehicle And Ship Armor Level 1  
  168  12:50  Missile Turret  
  168  13:06  Thor  
  168  13:08  Viking  
  168  13:09  Viking  
  178  13:38  Viking  
  178  13:39  Viking  
  182  13:44  Supply Depot  
  182  13:49  Thor  
  182  13:52  Hi-Sec Auto Tracking  
  188  13:56  Missile Turret  
  188  13:59  Missile Turret  
  188  14:07  Supply Depot  
  188  14:31  Thor  
  194  14:39  Marine x3  
  194  14:40  Marine x2  
  199  14:49  Terran Infantry Weapons Level 3  
  199  14:57  Marine, Command Center  
  96  16:32  Marine x5  
  93  16:36  Thor  
  93  16:39  Medivac  
  105  16:40  Medivac  
  107  16:50  Marine x5  
  112  17:07  Marine  
  112  17:08  Marine x4  
  113  17:09  Medivac  
  113  17:10  Medivac  
  121  17:19  Thor  
  127  17:25  Marine  
  127  17:26  Marine x4, Terran Infantry Armor Level 2  
  115  17:39  Medivac  
  115  17:40  Medivac  
  115  17:44  Marine  
  101  17:47  Marine  
  101  17:48  Marine x3  
  100  18:02  Marine, Missile Turret, Thor  
  107  18:05  Marine  
  107  18:06  Marine x3  
  111  18:12  Viking  
  111  18:13  Viking  
  111  18:19  Marine  
  115  18:22  Missile Turret  
  115  18:23  Marine  
  115  18:24  Marine x3  
  115  18:25  Refinery  
  120  18:28  Refinery  
  120  18:37  Marine  
  120  18:41  Marine x4  
  121  18:42  Viking  
  121  18:43  Viking  
  121  18:45  Thor  
  135  18:55  Marine  
  136  19:05  SCV  
  137  19:12  Viking  
  137  19:13  Viking  
  141  19:17  SCV  
  141  19:20  Marine  
  141  19:21  Marine x4  
  141  19:22  Command Center  
  147  19:28  Thor  
  147  19:29  SCV  
  154  19:38  Marine x4  
  154  19:39  Marine  
  154  19:41  SCV  
  154  19:42  Viking  
  154  19:43  Viking  
  164  19:53  SCV  
  164  19:56  Marine x5  
  170  20:08  Terran Vehicle Weapons Level 2  
  170  20:10  Thor  
  170  20:11  Terran Infantry Armor Level 3  
  170  20:14  Marine x5  
  181  20:32  Marine  
  182  20:40  Refinery  
  182  20:53  Thor  
  182  20:55  Missile Turret  
  188  21:06  Refinery  
  188  21:10  Missile Turret  
  188  21:15  Missile Turret  
  188  21:17  Marine  
  188  21:18  Marine x4  
  193  21:28  Missile Turret  
  193  21:31  Missile Turret  
  193  21:35  Marine x4  
  193  21:36  Marine  
  198  21:48  Missile Turret  
  198  21:51  Missile Turret  
  198  21:53  Marine x2  
  200  22:08  Missile Turret  
  200  22:16  Missile Turret  
  200  22:24  Terran Vehicle And Ship Armor Level 2  
  200  22:36  Missile Turret  
  200  22:48  Neosteel Armor  
  153  23:21  Marine  
  153  23:22  Marine x4  
  136  23:39  Marine  
  136  23:40  Marine x4  
  137  23:57  Marine  
  137  23:58  Marine x4  
  122  24:10  Thor  
  122  24:13  Medivac x2  
  122  24:15  Marine x5  
  98  24:33  Marine  
  99  24:43  Medivac x2  
  99  24:53  Thor  
  88  25:12  Marine  
  88  25:13  Marine x4, Medivac  
  95  25:17  Viking  
  97  25:30  Marine x2  
  97  25:31  Marine x3  
  102  25:36  Thor  
  99  25:43  Viking  
  99  25:47  Viking  
  99  25:48  Marine x5  
  71  26:06  Marine x2  
  59  26:13  Viking  
  59  26:17  Viking  
  62  26:20  Barracks  
  62  26:23  SCV, Barracks  
  58  26:35  SCV  
  59  26:45  Supply Depot  
  54  26:47  SCV  
  55  26:59  SCV  
  50  27:08  Supply Depot  
  50  27:09  Barracks Reactor  
  50  27:11  SCV  
  50  27:12  Barracks Reactor  
  51  27:19  Supply Depot  
  48  27:31  Supply Depot  
  48  27:34  SCV  
  44  27:42  Supply Depot  
  38  27:45  Marine  
  38  27:46  SCV, Marine  
  38  27:48  Marine x2  
  43  27:53  Supply Depot  
  43  27:58  SCV  
  44  28:03  Marine  
  44  28:04  Marine  
  45  28:06  Marine x2  
  47  28:16  SCV  
  47  28:18  Supply Depot  
Tags
 
Matchup
PvT
Replay Pack
DaveSC2
Spawn Locations
Cross Positions
Add a new tag
Caveats
  • Supply blocks, unpowered buildings, or Contaminate may cause inaccurate times.
  • Supply counts are checked every 10 seconds.